[Event "XIX Najdorf Memorial 2019"]
[Site "Warsaw"]
[Date "2019.07.13"]
[Round "8.11"]
[White "Shyam, Sundar M."]
[Black "Roseneck, Jonas"]
[Result "1-0"]
[ECO "B90"]
[WhiteElo "2520"]
[BlackElo "2398"]
[Annotator "ChessBase"]
[PlyCount "95"]
[EventDate "2019.07.06"]
[EventType "swiss"]
[EventCountry "POL"]
[SourceTitle "playchess.com"]
[Source "ChessBase"]
[SourceQuality "1"]
[TimeControl "40/5400+30:1800+30"]

1. e4 c5 2. Nf3 d6 3. d4 cxd4 4. Nxd4 Nf6 5. Nc3 a6 6. Bd3 Nbd7 7. O-O g6 8. Re1 Bg7 9. h3 O-O 10. Bf1 Nc5 11. a4 b6 12. Nc6 Qc7 13. Nd5 Nxd5 14. exd5 e5 15. b4 Nb7 16. Be3 Nd8 17. a5 bxa5 18. Nxa5 f5 19. c4 f4 20. Bd2 Nf7 21. c5 dxc5 22. bxc5 Qxc5 23. Qb3 Bf5 24. Bb4 Qa7 25. Bxf8 Rxf8 26. Nc6 Qd7 27. Rxa6 e4 28. Ra7 Qd6 29. Qa3 e3 30. fxe3 fxe3 31. Qxd6 Nxd6 32. Rxe3 Be4 33. Rd7 Bh6 34. Re1 Bd2 35. Re2 Bf4 36. Rxd6 Bxd6 37. Rxe4 Bc5+ 38. Nd4 Rf5 39. d6 Kg7 40. Bc4 Re5 41. d7 Rxe4 42. d8=Q Bxd4+ 43. Kf1 Bf6 44. Qg8+ Kh6 45. g3 Re7 46. Qf8+ Kg5 47. h4+ Kf5 48. g4+ 1-0

[Event "XIX Najdorf Memorial 2019"]
[Site "Warsaw"]
[Date "2019.07.13"]
[Round "8.11"]
[White "Tomaszewski, Kacper"]
[Black "Rakshitta Ravi"]
[Result "1-0"]
[ECO "E70"]
[WhiteElo "2346"]
[BlackElo "2112"]
[Annotator "ChessBase"]
[PlyCount "149"]
[EventDate "2019.07.06"]
[EventType "swiss"]
[EventCountry "POL"]
[SourceTitle "playchess.com"]
[Source "ChessBase"]
[SourceQuality "1"]
[TimeControl "40/5400+30:1800+30"]

1. d4 Nf6 2. c4 g6 3. Nc3 Bg7 4. e4 d6 5. Nge2 O-O 6. Ng3 e5 7. d5 a5 8. Be2 Na6 9. h4 c6 10. h5 cxd5 11. cxd5 Nc5 12. hxg6 fxg6 13. Be3 Bd7 14. f3 a4 15. O-O h5 16. Nh1 h4 17. Bg5 Qb6 18. Nf2 Nh5 19. Bxh4 Bh6 20. Rb1 g5 21. g4 gxh4 22. gxh5 Kh8 23. Kh1 Bf4 24. Qc2 Bg3 25. Qd2 Rf4 26. Bd1 Rf6 27. Qg5 Raf8 28. Be2 Qd8 29. Ng4 Bxg4 30. Qxg4 Rg8 31. Qh3 Nd7 32. Bb5 Nf8 33. Bxa4 Nh7 34. Ne2 Ng5 35. Qg2 Qf8 36. Ng1 Bf4 37. Qe2 h3 38. Bd7 Qg7 39. Bg4 Rh6 40. Qc2 h2 41. Nh3 Nxh3 42. Bxh3 Rxh5 43. Bg4 Rg5 44. Rf2 Qh7 45. b4 R5g7 46. b5 Rc7 47. Qe2 b6 48. a4 Ra8 49. Ra1 Rc3 50. Bf5 Qh6 51. Qf1 Rg8 52. Bg4 Rg7 53. Raa2 Kg8 54. Rfc2 Rgc7 55. Qg2 Kf8 56. Be6 Qg7 57. Bg4 Qg5 58. Rxc3 Rxc3 59. Ra1 Qg7 60. Qh3 Rc2 61. Bd7 Be3 62. Qf5+ Kg8 63. Be6+ Kh8 64. Qh5+ Qh7 65. Qe8+ Kg7 66. Qe7+ Kh6 67. Qxd6 Qg6 68. Qf8+ Kg5 69. Bf5 Qh5 70. Bg4 Qh7 71. d6 Kh4 72. Qe7+ Qxe7 73. dxe7 Kg3 74. Bh3 Kxh3 75. e8=Q 1-0

[Event "XIX Najdorf Memorial 2019"]
[Site "Warsaw"]
[Date "2019.07.13"]
[Round "8.12"]
[White "Krysztofiak, Marcin"]
[Black "Kanarek, Marcel"]
[Result "1/2-1/2"]
[ECO "A04"]
[WhiteElo "2382"]
[BlackElo "2493"]
[Annotator "ChessBase"]
[PlyCount "65"]
[EventDate "2019.07.06"]
[EventType "swiss"]
[EventCountry "POL"]
[SourceTitle "playchess.com"]
[Source "ChessBase"]
[SourceQuality "1"]
[TimeControl "40/5400+30:1800+30"]

1. Nf3 g6 2. e4 Bg7 3. d4 d6 4. Bc4 Nf6 5. Qe2 c6 6. Bb3 e5 7. dxe5 dxe5 8. O-O Qe7 9. Bg5 h6 10. Bh4 g5 11. Bg3 Nh5 12. Nbd2 O-O 13. Rfd1 Nf4 14. Qe3 Bf6 15. Nc4 Na6 16. Nd6 Nc7 17. Rd2 Nb5 18. Nxc8 Rfxc8 19. c3 Rd8 20. Rad1 Rxd2 21. Qxd2 Qc7 22. Qd7 Rd8 23. Qxc7 Rxd1+ 24. Bxd1 Nxc7 25. Bxf4 exf4 26. h3 Kf8 27. Kf1 Ke7 28. Ke2 c5 29. a4 b6 30. Kd3 Bg7 31. e5 f5 32. exf6+ Kxf6 33. Ke4 {Ke5+} 1/2-1/2

[Event "XIX Najdorf Memorial 2019"]
[Site "Warsaw"]
[Date "2019.07.13"]
[Round "8.12"]
[White "Jaskolka, Tomasz"]
[Black "Oglaza, Oskar"]
[Result "0-1"]
[ECO "A45"]
[WhiteElo "2236"]
[BlackElo "2345"]
[Annotator "NA"]
[PlyCount "50"]
[EventDate "2019.07.06"]
[EventType "swiss"]
[EventCountry "POL"]
[SourceTitle "playchess.com"]
[Source "ChessBase"]
[SourceQuality "1"]
[TimeControl "40/5400+30:1800+30"]

1. d4 Nf6 2. Bf4 d5 3. e3 c5 4. c3 Nc6 5. Nd2 Bf5 6. Ngf3 e6 7. Qa4 Qb6 8. Bb5 Nd7 9. Ne5 Ndxe5 10. Bxe5 Be7 11. dxc5 Bxc5 12. Bd4 O-O 13. Bxc5 Qxc5 14. Nb3 Qb6 15. Bxc6 bxc6 16. Qb4 Rfb8 17. Qxb6 Rxb6 18. O-O-O Rab8 19. Rd2 Ra6 20. Nd4 Rxa2 21. Nxf5 Ra1+ 22. Kc2 Rxh1 23. Ne7+ Kf8 24. Nxc6 Rb6 25. Nxa7 Ra1 0-1

[Event "XIX Najdorf Memorial 2019"]
[Site "Warsaw"]
[Date "2019.07.13"]
[Round "8.13"]
[White "Klekowski, Maciej"]
[Black "Goslawski, Michal"]
[Result "1-0"]
[ECO "D53"]
[WhiteElo "2482"]
[BlackElo "2091"]
[Annotator "ChessBase"]
[PlyCount "81"]
[EventDate "2019.07.06"]
[EventType "swiss"]
[EventCountry "POL"]
[SourceTitle "playchess.com"]
[Source "ChessBase"]
[SourceQuality "1"]
[TimeControl "40/5400+30:1800+30"]

1. c4 e6 2. Nc3 d5 3. d4 Nf6 4. Bg5 Be7 5. e3 h6 6. Bxf6 Bxf6 7. Nf3 O-O 8. Rc1 dxc4 9. Bxc4 a6 10. O-O Nd7 11. Ne4 e5 12. dxe5 Nxe5 13. Nxe5 Bxe5 14. Bxf7+ Kh8 15. Bg6 Bf5 16. Bxf5 Rxf5 17. Qxd8+ Rxd8 18. b3 Rf7 19. Rfd1 Rfd7 20. Rxd7 Rxd7 21. f4 Bb2 22. Rc2 Ba3 23. Kf2 Bb4 24. Ke2 c5 25. Nf2 b5 26. Nd3 Ba3 27. Ne5 Rc7 28. Rd2 c4 29. bxc4 bxc4 30. Rd8+ Kh7 31. Kd2 Bb2 32. Rd5 Ba1 33. Ra5 c3+ 34. Kc2 Rb7 35. Nd3 Re7 36. Re5 Rd7 37. Re4 a5 38. Rd4 Rb7 39. e4 Kg8 40. Rd5 a4 41. Ra5 1-0

[Event "XIX Najdorf Memorial 2019"]
[Site "Warsaw"]
[Date "2019.07.13"]
[Round "8.13"]
[White "Akesson, Ralf"]
[Black "Zebracki, Tomasz"]
[Result "1-0"]
[ECO "A05"]
[WhiteElo "2365"]
[BlackElo "2183"]
[Annotator "NA"]
[PlyCount "81"]
[EventDate "2019.07.06"]
[EventType "swiss"]
[EventCountry "POL"]
[SourceTitle "playchess.com"]
[Source "ChessBase"]
[SourceQuality "1"]
[TimeControl "40/5400+30:1800+30"]

1. Nf3 Nf6 2. c4 b6 3. Nc3 Bb7 4. d4 e6 5. a3 Be7 6. d5 O-O 7. e4 d6 8. Bd3 c6 9. dxe6 fxe6 10. e5 dxe5 11. Nxe5 Bd6 12. Bf4 Qc7 13. Qe2 Nd5 14. Bg3 Nxc3 15. bxc3 Bxe5 16. Bxe5 Qf7 17. Bd6 Rd8 18. c5 bxc5 19. Bg3 Nd7 20. Bc4 Re8 21. O-O Nb6 22. Rfe1 Nd5 23. Be5 Rad8 24. a4 a5 25. Rab1 Rd7 26. h3 Rdd8 27. Qg4 Rd7 28. Rbd1 Qf5 29. Qg3 Qf7 30. Qh4 Qe7 31. Qg4 Qf7 32. Rd3 Qf5 33. Qh4 Qf7 34. Rg3 g6 35. Re4 Ne7 36. Rf3 Nf5 37. Qg5 Qe7 38. Rxf5 Ba6 39. Rf6 Bxc4 40. Rxg6+ hxg6 41. Qxg6+ 1-0

[Event "XIX Najdorf Memorial 2019"]
[Site "Warsaw"]
[Date "2019.07.13"]
[Round "8.14"]
[White "Krstulovic, Alex"]
[Black "Jarmula, Lukasz"]
[Result "1/2-1/2"]
[ECO "D38"]
[WhiteElo "2360"]
[BlackElo "2480"]
[Annotator "ChessBase"]
[PlyCount "93"]
[EventDate "2019.07.06"]
[EventType "swiss"]
[EventCountry "POL"]
[SourceTitle "playchess.com"]
[Source "ChessBase"]
[SourceQuality "1"]
[TimeControl "40/5400+30:1800+30"]

1. d4 Nf6 2. c4 e6 3. Nf3 d5 4. Nc3 Bb4 5. Bg5 h6 6. Bxf6 Qxf6 7. e3 O-O 8. Rc1 dxc4 9. Bxc4 c5 10. O-O cxd4 11. Ne4 Qe7 12. exd4 Nc6 13. Qe2 Ba5 14. Rfd1 Bb6 15. Ng3 Bd7 16. Qe4 Rad8 17. Re1 Qf6 18. Bd3 g6 19. Nh5 Qf5 20. Qxf5 exf5 21. Nf6+ Kg7 22. Nxd7 Rxd7 23. Bb5 Bxd4 24. Nxd4 Rxd4 25. Bxc6 bxc6 26. Rxc6 Rd2 27. Ra6 Rxb2 28. Rxa7 Re8 29. Rf1 Ree2 30. a3 Ra2 31. h4 Red2 32. g3 Rd3 33. Kg2 Rdxa3 34. Rxa3 Rxa3 35. Rb1 Ra5 36. Rb6 g5 37. hxg5 hxg5 38. Rc6 Ra4 39. Rc5 Kg6 40. Rc6+ f6 41. Rc5 g4 42. Rb5 Kg5 43. Rc5 Re4 44. Ra5 Re5 45. Ra4 Re4 46. Ra5 Kg6 47. Rb5 1/2-1/2

[Event "XIX Najdorf Memorial 2019"]
[Site "Warsaw"]
[Date "2019.07.13"]
[Round "8.14"]
[White "Sowul, Bartosz"]
[Black "Zylka, Stanislaw"]
[Result "0-1"]
[ECO "A48"]
[WhiteElo "2210"]
[BlackElo "2308"]
[Annotator "NA"]
[PlyCount "76"]
[EventDate "2019.07.06"]
[EventType "swiss"]
[EventCountry "POL"]
[SourceTitle "playchess.com"]
[Source "ChessBase"]
[SourceQuality "1"]
[TimeControl "40/5400+30:1800+30"]

1. Nf3 g6 2. d4 Nf6 3. b3 Bg7 4. Bb2 d5 5. e3 O-O 6. Bd3 Nc6 7. a3 Bg4 8. Nbd2 e5 9. dxe5 Nd7 10. Be2 Ncxe5 11. Nxe5 Bxe2 12. Qxe2 Nxe5 13. Rb1 Re8 14. O-O Qe7 15. Rfd1 Rad8 16. b4 Qe6 17. h3 c6 18. Bd4 b6 19. a4 Bf8 20. Bxe5 Qxe5 21. Nf3 Qc3 22. Rb3 Qc4 23. Kf1 Qe4 24. Rd4 Qe6 25. Rd1 h6 26. Kg1 Qf6 27. Qa6 Rd7 28. Nd4 Kg7 29. a5 Rb8 30. b5 c5 31. Nc6 Rbb7 32. axb6 Rxb6 33. Qc8 Qe6 34. e4 d4 35. Ra3 Rxb5 36. Nxa7 Rbb7 37. Nb5 Rxb5 38. Ra8 Qe7 0-1

[Event "XIX Najdorf Memorial 2019"]
[Site "Warsaw"]
[Date "2019.07.13"]
[Round "8.15"]
[White "Socko, Monika"]
[Black "Kowalski, Igor"]
[Result "1/2-1/2"]
[ECO "E92"]
[WhiteElo "2443"]
[BlackElo "2320"]
[Annotator "NA"]
[PlyCount "117"]
[EventDate "2019.07.06"]
[EventType "swiss"]
[EventCountry "POL"]
[SourceTitle "playchess.com"]
[Source "ChessBase"]
[SourceQuality "1"]
[TimeControl "40/5400+30:1800+30"]

1. d4 Nf6 2. c4 g6 3. Nc3 Bg7 4. e4 d6 5. Nf3 O-O 6. Be2 e5 7. Be3 exd4 8. Nxd4 Re8 9. f3 c6 10. Bf2 d5 11. exd5 cxd5 12. O-O Nc6 13. c5 a6 14. Qd2 Nh5 15. Rad1 Be6 16. Rfe1 Qc7 17. Bf1 Be5 18. g3 Ng7 19. Nxe6 fxe6 20. Ne2 Qf7 21. f4 Bc7 22. b4 Nh5 23. Nd4 e5 24. fxe5 Bxe5 25. Bg2 Nf6 26. Nf3 Ne4 27. Nxe5 Rxe5 28. Bxe4 dxe4 29. a3 Rf8 30. Be3 Rd8 31. Qf2 Red5 32. Qxf7+ Kxf7 33. Rf1+ Ke6 34. Rde1 Rf5 35. Bf2 Ke5 36. g4 Rf3 37. Bg3+ Kd4 38. Rxf3 exf3 39. Kf2 Kc4 40. Bd6 Nd4 41. Re7 Nb5 42. Rxh7 Nxd6 43. cxd6 Rxd6 44. Rxb7 Rd2+ 45. Kxf3 Rxh2 46. Kf4 Ra2 47. Kg5 Rxa3 48. Kxg6 Rb3 49. g5 a5 50. b5 Rxb5 51. Ra7 Kb3 52. Kf6 a4 53. g6 Rb6+ 54. Kf5 Rxg6 55. Kxg6 a3 56. Kf5 a2 57. Ke4 Kb2 58. Rb7+ Kc2 59. Rb6 1/2-1/2

[Event "XIX Najdorf Memorial 2019"]
[Site "Warsaw"]
[Date "2019.07.13"]
[Round "8.15"]
[White "Kubicka, Anna"]
[Black "Punin, Andrii"]
[Result "1/2-1/2"]
[ECO "D35"]
[WhiteElo "2202"]
[BlackElo "2305"]
[Annotator "NA"]
[PlyCount "78"]
[EventDate "2019.07.06"]
[EventType "swiss"]
[EventCountry "POL"]
[SourceTitle "playchess.com"]
[Source "ChessBase"]
[SourceQuality "1"]
[TimeControl "40/5400+30:1800+30"]

1. d4 d5 2. c4 e6 3. Nc3 Nf6 4. cxd5 exd5 5. Bg5 c6 6. e3 Be7 7. Bd3 Nbd7 8. Qc2 h6 9. Bh4 Nh5 10. Bxe7 Qxe7 11. Nf3 Nf4 12. O-O Nxd3 13. Qxd3 O-O 14. Rac1 Nf6 15. a3 Ne4 16. Ne5 Nd6 17. b4 Bf5 18. Qe2 f6 19. Nd3 Bxd3 20. Qxd3 b5 21. Rfe1 f5 22. Ne2 Qd7 23. Nf4 Nc4 24. Qc3 Qd6 25. Nd3 a5 26. Ne5 axb4 27. axb4 Ra6 28. g3 Rfa8 29. Ra1 Rxa1 30. Rxa1 Rxa1+ 31. Qxa1 Nxe5 32. dxe5 Qxb4 33. e6 Kf8 34. Qa8+ Ke7 35. Qxc6 Qb1+ 36. Kg2 Qe4+ 37. Kg1 Qb1+ 38. Kg2 Qe4+ 39. Kg1 Qb1+ 1/2-1/2

[Event "XIX Najdorf Memorial 2019"]
[Site "Warsaw"]
[Date "2019.07.13"]
[Round "8.16"]
[White "Miroshnichenko, Pavel"]
[Black "Sliwicki, Damian"]
[Result "0-1"]
[ECO "D38"]
[WhiteElo "2300"]
[BlackElo "2232"]
[Annotator "NA"]
[PlyCount "98"]
[EventDate "2019.07.06"]
[EventType "swiss"]
[EventCountry "POL"]
[SourceTitle "playchess.com"]
[Source "ChessBase"]
[SourceQuality "1"]
[TimeControl "40/5400+30:1800+30"]

1. d4 Nf6 2. c4 e6 3. Nf3 d5 4. Nc3 Bb4 5. cxd5 exd5 6. Qa4+ Nc6 7. Bg5 h6 8. Bxf6 Qxf6 9. a3 Bxc3+ 10. bxc3 O-O 11. e3 Qg6 12. Be2 Qxg2 13. Rg1 Qh3 14. Kd2 Bd7 15. Rg3 Qf5 16. Rag1 Ne5 17. dxe5 Bxa4 18. Rxg7+ Kh8 19. Bd3 Bd7 20. Bxf5 Bxf5 21. Nh4 Bh7 22. f4 Be4 23. R1g3 Rae8 24. R7g4 Rg8 25. h3 b5 26. Nf3 c5 27. Ke2 a5 28. Nd2 Bc2 29. e4 dxe4 30. Ke3 Rxg4 31. hxg4 b4 32. cxb4 cxb4 33. axb4 axb4 34. Nc4 b3 35. Kd2 Rc8 36. Rc3 Rxc4 37. Rxc4 e3+ 38. Kxe3 b2 39. Rb4 b1=Q 40. Rxb1 Bxb1 41. f5 Kg7 42. Kf4 Bc2 43. Kg3 h5 44. Kh4 hxg4 45. Kxg4 Kh6 46. Kf4 Kh5 47. e6 f6 48. e7 Ba4 49. Ke4 Kg5 0-1

[Event "XIX Najdorf Memorial 2019"]
[Site "Warsaw"]
[Date "2019.07.13"]
[Round "8.17"]
[White "Lukasiewicz, Krzysztof"]
[Black "Bednarek, Sylwester"]
[Result "0-1"]
[ECO "C15"]
[WhiteElo "2172"]
[BlackElo "2291"]
[Annotator "NA"]
[PlyCount "94"]
[EventDate "2019.07.06"]
[EventType "swiss"]
[EventCountry "POL"]
[SourceTitle "playchess.com"]
[Source "ChessBase"]
[SourceQuality "1"]
[TimeControl "40/5400+30:1800+30"]

1. e4 e6 2. d4 d5 3. Nc3 Bb4 4. Nge2 Nf6 5. e5 Ne4 6. a3 Nxc3 7. Nxc3 Bf8 8. Be3 b6 9. f4 Qd7 10. Qf3 g6 11. O-O-O h5 12. g3 Ba6 13. h3 Bxf1 14. Rhxf1 Nc6 15. g4 O-O-O 16. f5 hxg4 17. fxe6 gxf3 18. exd7+ Rxd7 19. Rxf3 Nd8 20. Rdf1 Rh7 21. Ne2 Ne6 22. Kd2 Be7 23. c3 Bh4 24. Kd3 Kd8 25. b3 Ke8 26. c4 c6 27. cxd5 Rxd5 28. Ke4 Be7 29. b4 a5 30. Rc1 Rh4+ 31. Kd3 axb4 32. axb4 c5 33. bxc5 bxc5 34. Bf2 Rh5 35. Kc4 Rd8 36. d5 Ng5 37. Rb3 Ne4 38. d6 Nd2+ 39. Kc3 Nxb3 40. Kxb3 Rxe5 41. dxe7 Rb8+ 42. Kc4 Rxe2 43. Bxc5 Rc8 44. Kd4 Rxe7 45. Rf1 Rd7+ 46. Kc4 f5 47. Re1+ Kf7 0-1

[Event "XIX Najdorf Memorial 2019"]
[Site "Warsaw"]
[Date "2019.07.13"]
[Round "8.18"]
[White "Dzida, Kamil"]
[Black "Godzwon, Iwo"]
[Result "1/2-1/2"]
[ECO "B38"]
[WhiteElo "1987"]
[BlackElo "2285"]
[Annotator "NA"]
[PlyCount "129"]
[EventDate "2019.07.06"]
[EventType "swiss"]
[EventCountry "POL"]
[SourceTitle "playchess.com"]
[Source "ChessBase"]
[SourceQuality "1"]
[TimeControl "40/5400+30:1800+30"]

1. e4 c5 2. Nf3 g6 3. d4 cxd4 4. Nxd4 Bg7 5. c4 Nc6 6. Be3 Nf6 7. Nc3 O-O 8. Be2 d6 9. O-O Bd7 10. Nc2 a5 11. Rc1 Nb4 12. Nd4 a4 13. f3 Qa5 14. Qd2 Rfc8 15. Rfd1 Be8 16. Nd5 Nbxd5 17. Qxa5 Rxa5 18. cxd5 Rac5 19. Nb5 Rxc1 20. Rxc1 Rxc1+ 21. Bxc1 Bd7 22. Kf2 Ne8 23. b3 axb3 24. axb3 f5 25. Ba3 fxe4 26. fxe4 Nf6 27. e5 dxe5 28. Bxe7 Nxd5 29. Bc4 Be6 30. Ba3 e4 31. g3 b6 32. Nd6 Bd4+ 33. Ke1 e3 34. Nb5 Be5 35. Ke2 Kg7 36. Nd6 Bg4+ 37. Ke1 Nf6 38. Nb5 Bf3 39. Be2 Bd5 40. Bc1 Bxb3 41. Bxe3 Nd5 42. Bf2 Nc3 43. Nxc3 Bxc3+ 44. Kf1 Ba5 45. Bb5 Kf6 46. Ke2 Kf5 47. h4 Ke4 48. Bc6+ Bd5 49. Bb5 Ke5 50. Be3 Kd6 51. g4 Bc6 52. Bc4 Bd7 53. Kf3 b5 54. Bg8 h5 55. gxh5 gxh5 56. Bf7 Bg4+ 57. Ke4 Be1 58. Bg5 b4 59. Kd4 Bc3+ 60. Kd3 Bd1 61. Bd2 Bxd2 62. Kxd2 Bg4 63. Kc2 Ke5 64. Bxh5 Bxh5 65. Kb3 1/2-1/2

[Event "XIX Najdorf Memorial 2019"]
[Site "Warsaw"]
[Date "2019.07.13"]
[Round "8.19"]
[White "Pacan-Milej, Kosma"]
[Black "Kopylov, Daniel"]
[Result "1-0"]
[ECO "D85"]
[WhiteElo "2272"]
[BlackElo "2209"]
[Annotator "NA"]
[PlyCount "77"]
[EventDate "2019.07.06"]
[EventType "swiss"]
[EventCountry "POL"]
[SourceTitle "playchess.com"]
[Source "ChessBase"]
[SourceQuality "1"]
[TimeControl "40/5400+30:1800+30"]

1. d4 Nf6 2. c4 g6 3. Nc3 d5 4. cxd5 Nxd5 5. Bd2 Bg7 6. e4 Nb6 7. Be3 Nc6 8. d5 Ne5 9. f4 Ng4 10. Bb5+ Kf8 11. Bc5 Nd7 12. Bd4 Ngf6 13. Nf3 h6 14. O-O Kg8 15. Qb3 Ne8 16. e5 Nb6 17. Rad1 Bf5 18. Bc5 Nd7 19. Be3 a6 20. Be2 Qc8 21. h3 Nf8 22. Nd4 Bd7 23. e6 fxe6 24. dxe6 Bc6 25. f5 g5 26. Nxc6 bxc6 27. Qc4 Rb8 28. Qxc6 Rxb2 29. Nd5 Bf6 30. Bh5 Rb8 31. Bc5 Rh7 32. Rfe1 Rg7 33. Bf7+ Rxf7 34. exf7+ Kxf7 35. Nxf6 exf6 36. Re7+ Kg8 37. Qd5+ Kh8 38. Qf7 Qxf5 39. Qxf8# 1-0

[Event "XIX Najdorf Memorial 2019"]
[Site "Warsaw"]
[Date "2019.07.13"]
[Round "8.20"]
[White "Malynovskyi, Rostyslav"]
[Black "Chomczyk, Marek"]
[Result "0-1"]
[ECO "D38"]
[WhiteElo "2156"]
[BlackElo "2270"]
[Annotator "NA"]
[PlyCount "190"]
[EventDate "2019.07.06"]
[EventType "swiss"]
[EventCountry "POL"]
[SourceTitle "playchess.com"]
[Source "ChessBase"]
[SourceQuality "1"]
[TimeControl "40/5400+30:1800+30"]

1. d4 Nf6 2. c4 e6 3. Nf3 d5 4. Nc3 Bb4 5. Bg5 h6 6. Bxf6 Qxf6 7. Qa4+ Nc6 8. e3 O-O 9. Be2 dxc4 10. O-O Bxc3 11. bxc3 e5 12. Qxc4 Re8 13. Rfd1 exd4 14. cxd4 Re4 15. Nd2 Re7 16. Bf3 Rb8 17. Ne4 Qg6 18. Nc5 Bg4 19. Bxg4 Qxg4 20. h3 Qg6 21. Rdc1 Nd8 22. Qa4 b6 23. Na6 Rc8 24. Nb4 Qe4 25. Nc6 Re6 26. Nxd8 Rg6 27. g3 Rxd8 28. Qc2 Qf3 29. Qxc7 Rdd6 30. Qc2 Rdf6 31. Rf1 h5 32. h4 Rg4 33. Kh2 Rfg6 34. Rg1 Rc6 35. Qd2 g5 36. hxg5 h4 37. Raf1 Qf5 38. e4 Qxe4 39. Rc1 Rxc1 40. Rxc1 hxg3+ 41. fxg3 Qxd4 42. Qc2 Rxg5 43. Rd1 Qe5 44. Qd3 Rg4 45. Rd2 Rh4+ 46. Kg2 Qe4+ 47. Qxe4 Rxe4 48. Kf3 Ra4 49. g4 Kg7 50. Kg3 Kg6 51. Rd6+ f6 52. Rd2 b5 53. Kf3 a5 54. Kg3 b4 55. Kf3 Ra3+ 56. Kf4 Rc3 57. Rd5 Ra3 58. Rd2 Ra4 59. Kf3 Kf7 60. Re2 Ra3+ 61. Kf4 Rc3 62. Kf5 Rc5+ 63. Kf4 a4 64. Rb2 Rc4+ 65. Kf5 Rc5+ 66. Ke4 Rg5 67. Kf4 Rb5 68. Ke4 b3 69. axb3 axb3 70. Kd3 Kg6 71. Ke3 Kg5 72. Kf3 Rb4 73. Kg3 Rxg4+ 74. Kf3 Rb4 75. Ke3 f5 76. Kf3 f4 77. Kf2 Kg4 78. Kg2 f3+ 79. Kf2 Kf4 80. Ke1 Ke3 81. Kf1 Kd3 82. Ke1 Kc3 83. Rf2 b2 84. Rxf3+ Kc2 85. Rf2+ Kc1 86. Ke2 b1=Q 87. Rf1+ Kc2 88. Rxb1 Rxb1 89. Ke3 Rb4 90. Ke2 Re4+ 91. Kf3 Kd3 92. Kf2 Rf4+ 93. Kg3 Ke3 94. Kg2 Rg4+ 95. Kf1 Rg8 0-1

[Event "XIX Najdorf Memorial 2019"]
[Site "Warsaw"]
[Date "2019.07.13"]
[Round "8.21"]
[White "Siekanski, Janusz"]
[Black "Markiewicz, Jerzy"]
[Result "1/2-1/2"]
[ECO "A85"]
[WhiteElo "2270"]
[BlackElo "2170"]
[Annotator "NA"]
[PlyCount "48"]
[EventDate "2019.07.06"]
[EventType "swiss"]
[EventCountry "POL"]
[SourceTitle "playchess.com"]
[Source "ChessBase"]
[SourceQuality "1"]
[TimeControl "40/5400+30:1800+30"]

1. d4 f5 2. c4 Nf6 3. Nc3 e6 4. e3 Bb4 5. Bd3 Bxc3+ 6. bxc3 O-O 7. Ne2 d6 8. Qc2 Qe7 9. O-O c5 10. Ng3 Nc6 11. dxc5 dxc5 12. e4 Ng4 13. exf5 Qh4 14. h3 Nge5 15. Be4 Nxc4 16. Qe2 Nd6 17. Bxc6 bxc6 18. fxe6 Re8 19. Qe5 Rxe6 20. Qxc5 Ba6 21. Qxc6 Bb7 22. Qd7 Rg6 23. Rb1 Bxg2 24. Rb4 Qxh3 1/2-1/2

[Event "XIX Najdorf Memorial 2019"]
[Site "Warsaw"]
[Date "2019.07.13"]
[Round "8.22"]
[White "Harazinska, Magdalena"]
[Black "Antolak, Julia"]
[Result "1/2-1/2"]
[ECO "D91"]
[WhiteElo "2004"]
[BlackElo "2258"]
[Annotator "NA"]
[PlyCount "84"]
[EventDate "2019.07.06"]
[EventType "swiss"]
[EventCountry "POL"]
[SourceTitle "playchess.com"]
[Source "ChessBase"]
[SourceQuality "1"]
[TimeControl "40/5400+30:1800+30"]

1. d4 Nf6 2. c4 g6 3. Nc3 d5 4. Nf3 Bg7 5. Bg5 Ne4 6. Bf4 Nxc3 7. bxc3 O-O 8. e3 c5 9. cxd5 cxd4 10. cxd4 Qxd5 11. Be2 Bd7 12. O-O Bc6 13. Qb3 Qxb3 14. axb3 Nd7 15. b4 a6 16. Rfc1 Rfc8 17. h3 Bf8 18. Rab1 b5 19. Nd2 e6 20. f3 Bb7 21. Bc7 Nb8 22. Ne4 Nc6 23. Bd6 Nxd4 24. exd4 Bxe4 25. fxe4 Bxd6 26. Rxc8+ Rxc8 27. Kf2 f5 28. exf5 gxf5 29. Ra1 Rc6 30. Bf3 Rc4 31. Rxa6 Rxd4 32. Be2 e5 33. Bxb5 Bxb4 34. Re6 Bd6 35. Bc6 Kf7 36. Rh6 Kg7 37. Re6 f4 38. Kf3 Bb8 39. Kg4 Rd2 40. Kf5 Bd6 41. Be4 Rd4 42. Bf3 Rd2 1/2-1/2

[Event "XIX Najdorf Memorial 2019"]
[Site "Warsaw"]
[Date "2019.07.13"]
[Round "8.23"]
[White "Jacobsen, Mikkel Manosri"]
[Black "Sanz Wawer, Daniel"]
[Result "1-0"]
[ECO "D27"]
[WhiteElo "2343"]
[BlackElo "2154"]
[Annotator "NA"]
[PlyCount "109"]
[EventDate "2019.07.06"]
[EventType "swiss"]
[EventCountry "POL"]
[SourceTitle "playchess.com"]
[Source "ChessBase"]
[SourceQuality "1"]
[TimeControl "40/5400+30:1800+30"]

1. d4 d5 2. c4 dxc4 3. e3 Nf6 4. Bxc4 e6 5. Nf3 c5 6. O-O a6 7. a4 Nc6 8. Qe2 Qc7 9. Nc3 Bd6 10. h3 O-O 11. Bd2 b6 12. dxc5 bxc5 13. Rfc1 Bb7 14. Be1 Rfd8 15. Nd2 Ne5 16. a5 Qc6 17. f3 Bb8 18. Nf1 Nxc4 19. Qxc4 Nd7 20. Ne4 Be5 21. Rab1 Rac8 22. Bh4 Re8 23. b4 Qa4 24. Nxc5 Nxc5 25. bxc5 Qxc4 26. Rxc4 Bc6 27. Bg3 Bb5 28. Rcc1 Bxf1 29. Bxe5 Bb5 30. Kf2 f6 31. Bd6 Red8 32. Rd1 Kf7 33. e4 e5 34. Ke3 Re8 35. Rb4 Red8 36. Rdb1 Rd7 37. g3 Ke6 38. f4 exf4+ 39. gxf4 f5 40. Rg1 fxe4 41. Rxe4+ Kd5 42. Rg5+ Kc6 43. Rge5 g6 44. Re6 Kb7 45. Kd4 Rcd8 46. Rf6 Rg7 47. h4 Rgd7 48. Ree6 Bc6 49. Ke3 Bd5 50. Re5 Bc6 51. Kf2 Rg7 52. Kg3 Re8 53. Rxe8 Bxe8 54. Be5 Re7 55. Rb6+ 1-0

[Event "XIX Najdorf Memorial 2019"]
[Site "Warsaw"]
[Date "2019.07.13"]
[Round "8.24"]
[White "Terletsky, Oleg"]
[Black "Zaleski, Lukasz"]
[Result "1/2-1/2"]
[ECO "C03"]
[WhiteElo "2408"]
[BlackElo "2185"]
[Annotator "NA"]
[PlyCount "43"]
[EventDate "2019.07.06"]
[EventType "swiss"]
[EventCountry "POL"]
[SourceTitle "playchess.com"]
[Source "ChessBase"]
[SourceQuality "1"]
[TimeControl "40/5400+30:1800+30"]

1. e4 e6 2. d4 d5 3. Nd2 h6 4. Bd3 c5 5. exd5 Qxd5 6. Ngf3 cxd4 7. Bc4 Qd6 8. O-O Nf6 9. Nb3 Nc6 10. Nbxd4 Nxd4 11. Nxd4 a6 12. a4 Qc7 13. b3 Bd6 14. Nf3 Bd7 15. Bb2 Bc6 16. h3 O-O-O 17. Qe2 Nh5 18. g3 Bc5 19. Kg2 Bd6 20. Kg1 Bc5 21. Kg2 Bd6 22. Kg1 1/2-1/2

[Event "XIX Najdorf Memorial 2019"]
[Site "Warsaw"]
[Date "2019.07.13"]
[Round "8.25"]
[White "Shkliar, Boris"]
[Black "Malek, Daniel"]
[Result "0-1"]
[ECO "C11"]
[WhiteElo "2160"]
[BlackElo "2362"]
[Annotator "NA"]
[PlyCount "76"]
[EventDate "2019.07.06"]
[EventType "swiss"]
[EventCountry "POL"]
[SourceTitle "playchess.com"]
[Source "ChessBase"]
[SourceQuality "1"]
[TimeControl "40/5400+30:1800+30"]

1. e4 e6 2. d4 d5 3. Nc3 Nf6 4. Bg5 dxe4 5. Nxe4 Be7 6. Bxf6 gxf6 7. Nf3 f5 8. Nc3 a6 9. g3 Nc6 10. Qd2 Bf6 11. O-O-O Qd6 12. Bg2 Bd7 13. Qh6 Be7 14. d5 exd5 15. Qxd6 Bxd6 16. Rhe1+ Kf8 17. Nxd5 Rd8 18. Bh3 Be6 19. c4 Ne7 20. Nh4 Bxd5 21. cxd5 f4 22. Nf5 Nxf5 23. Bxf5 fxg3 24. fxg3 h5 25. Bc2 h4 26. Rd3 Re8 27. Rf1 hxg3 28. hxg3 Rg8 29. Rdf3 Re7 30. Rh1 Bxg3 31. Rh7 Be5 32. Bf5 Rg2 33. Be6 Bxb2+ 34. Kb1 Bg7 35. Rh1 Ke8 36. Bf5 Ree2 37. Rb3 Rxa2 38. Kc1 Bb2+ 0-1